 Dungeon Crawl Stone Soup version 0.32-a0-163-g159c032296 (webtiles) character file.

Game seed: 396463251239036961

40 cforsyth the Magician (level 3, 0/29 HPs)
             Began as a Djinni Hexslinger on Feb 11, 2024.
             Slain by a jelly (1 damage)
             ... on level 2 of the Dungeon.
             The game lasted 00:01:06 (956 turns).

cforsyth the Magician (Djinni Hexslinger)            Turns: 956, Time: 00:01:07

Health: 0/29       AC:  2    Str:  7    XL:     3   Next: 72%
Gold:   111        EV: 12    Int: 16    God:
                   SH:  0    Dex: 15

rFire   + + .        a - +1 sling
rCold   x . .        (no shield)
rNeg    . . .        c - +0 robe
rPois   ∞            (no helmet)
rElec   .            (no cloak)
rCorr   .            (no gloves)
SInv    .            (boots unavailable)
Will    .....        (no amulet)
Stlth   +            (no ring)
HPRegen 0.24/turn    (no ring)
MPRegen 0.00/turn

%: infuse magic (-1 HP)
@: flying
A: sickness immunity, fire resistance 2, cold vulnerability 1, float, innate
caster, HP casting, extra vitality 1
a: no special abilities


You were on level 2 of the Dungeon.
You visited 1 branch of the dungeon, and saw 2 of its levels.

You collected 111 gold pieces.


Innate Abilities, Weirdness & Mutations

You are immune to sickness and miasma.
You are immune to poison.
Your flesh is very heat resistant. (rF++)
You are vulnerable to cold. (rC-)
You float through the air rather than walking.
You learn spells naturally, not from books.
Your magical power is your life essence.
You have superior vitality. (+4 MHP)


   Skills:
 + Level 2.3 Fighting
 - Level 1.5 Ranged Weapons
 - Level 2.1 Dodging
 + Level 3.2 Spellcasting
 + Level 3.2 Conjurations
 + Level 3.2 Hexes
   Level 0.0 Charms
 + Level 3.2 Summonings
 + Level 3.2 Necromancy
 + Level 3.2 Translocations
   Level 0.0 Transmutations
 + Level 3.2 Fire Magic
 + Level 3.2 Ice Magic
 + Level 3.2 Air Magic
 + Level 3.2 Earth Magic
 + Level 3.2 Alchemy


You knew the following spells:

 Your Spells              Type           Power      Damage    Failure   Level
c - Cause Fear            Hex            6%         N/A       43%         4
f - Inner Flame           Hex/Fire       12%        N/A       14%         3
z - Summon Small Mammal   Summ           48%        N/A       4%          1
X - Jinxbite              Hex            24%        N/A       8%          2
Y - Sigil of Binding      Hex            12%        N/A       14%         3
Z - Dimensional Bullseye  Hex/Tloc       6%         N/A       43%         4
Your spell library was empty.

Inventory:

Hand Weapons
 a - a +1 sling (weapon)
Armour
 c - a +0 robe (worn)
Scrolls
 b - a scroll of poison
 d - a scroll of teleportation {unknown}
 f - 2 scrolls of identify {unknown}
 g - a scroll of fog {unknown}
 h - a scroll of noise {unknown}
 i - 2 scrolls of immolation {unknown}
 j - a scroll of fear {unknown}
Potions
 e - a potion of berserk rage {unknown}

Dungeon Overview and Level Annotations

Branches:
Dungeon (2/15)

Altars:

#..# ### #..# ##.#######
#..# #.#.#....######...
#.#.#.....##.##..#
#)#'#......).##..#
#.#.......)).....#
#.#........).###.#
#@#.......##.# #.#
PPP..JJ##......#######..
....÷.# ######## #......
###### ####### # #


You could see a jelly and an endoplasm.


Message History

Something hits the toadstool.
The toadstool is destroyed!
The endoplasm hits you but does no damage.
The endoplasm freezes you.
You are frozen.
You feel a terrible chill!
An endoplasm comes into view.
You shoot a sling bullet. The sling bullet hits the endoplasm.
You kill the endoplasm!
Unknown command.
You shoot a sling bullet. The sling bullet hits the endoplasm.
The endoplasm is almost dead.
The endoplasm barely misses you.
An endoplasm comes into view.
A jelly comes into view.
You shoot a sling bullet. The sling bullet hits the endoplasm.
You kill the endoplasm!
You shoot a sling bullet. The sling bullet hits the jelly.
The jelly is moderately wounded.
You shoot a sling bullet. The sling bullet hits the jelly.
The jelly is heavily wounded.
The jelly hits you.
You are splashed with acid!
* * * LOW HITPOINT WARNING * * *
You shoot a sling bullet. The sling bullet hits the jelly.
The jelly is heavily wounded.
The jelly hits you.
* * * LOW HITPOINT WARNING * * *
You are splashed with acid!
* * * LOW HITPOINT WARNING * * *
The jelly hits you.
You die...

Skill      XL: |  1  2 |
---------------+-------+-----
Spellcasting   | 3 |  3.2
Conjurations   | 3 |  3.2
Hexes          | 3 |  3.2
Summonings     | 3 |  3.2
Necromancy     | 3 |  3.2
Translocations | 3 |  3.2
Fire Magic     | 3 |  3.2
Ice Magic      | 3 |  3.2
Air Magic      | 3 |  3.2
Earth Magic    | 3 |  3.2
Alchemy        | 3 |  3.2
Fighting       | 2 |  2.3
Ranged Weapons | |  1.5
Dodging        | |  2.1

Action                     || total
---------------------------++-------
   Fire: Sling             ||    81
 Armour: Robe              ||    23
  Dodge: Dodged            ||    23

Levels and vault maps discovered:
D:1:      ldierk_walled_garden_2, layout_loops_ring, minmay_tetromino_t4
D:2:      cheibrodos_fertilizer, layout_loops_ring, basic_altar

Notes
Turn   | Place    | Note
-------+----------+-------------------------------------------
     0 | D:1      | cforsyth the Djinni Hexslinger began the quest for the Orb.
     0 | D:1      | cforsyth set off with the following spells memorised:
                  | Jinxbite, Sigil of Binding, Inner Flame, Cause Fear,
                  | Dimensional Bullseye.
     0 | D:1      | Reached XP level 1. HP: 17/17 MP: 0/0
   153 | D:1      | Reached XP level 2. HP: 22/22 MP: 0/0
   297 | D:1      | Reached skill level 3 in Spellcasting
   297 | D:1      | Reached skill level 3 in Conjurations
   297 | D:1      | Reached skill level 3 in Hexes
   297 | D:1      | Reached skill level 3 in Summonings
   297 | D:1      | Reached skill level 3 in Necromancy
   297 | D:1      | Reached skill level 3 in Translocations
   297 | D:1      | Reached skill level 3 in Fire Magic
   297 | D:1      | Reached skill level 3 in Ice Magic
   297 | D:1      | Reached skill level 3 in Air Magic
   297 | D:1      | Reached skill level 3 in Earth Magic
   297 | D:1      | Reached skill level 3 in Alchemy
   409 | D:1      | Reached skill level 2 in Fighting
   409 | D:1      | Reached XP level 3. HP: 25/28 MP: 0/0
   409 | D:1      | Learned a level 1 spell: Summon Small Mammal
   956 | D:2      | HP: 1/29 [acid (9)]
   956 | D:2      | Slain by a jelly

Vanquished Creatures
  8 endoplasms
  2 giant cockroaches
  A goblin (D:1)
  2 hobgoblins (D:1)
  A jackal (D:1)
  8 kobolds
  2 quokkas (D:1)
  4 ball pythons
  A bat (D:1)
  A frilled lizard (D:1)
  4 rats
34 creatures vanquished.

Table legend: (Time is in decaauts)
 A = Elapsed time spent in this place.
 B = Non-inter-level travel time spent in this place.
 C = Inter-level travel time spent in this place.
 D = Time resting spent in this place.
 E = Time spent auto-exploring this place.
 F = Levels seen in this place.
 G = Mean time per level.
                   A        B        C        D        E       F      G
               +--------+--------+--------+--------+--------+-----+--------+
         Total |    982 |    914 |     68 |      0 |    744 |   2 |  491.0 |
       Dungeon |    982 |    914 |     68 |      0 |    744 |   2 |  491.0 |
               +--------+--------+--------+--------+--------+-----+--------+

Top non-repeatable levels by time:
     D:1: 813 daAuts
     D:2: 168 daAuts

Table legend:
 A = Non-vault XP
 B = Vault XP
 C = Vault XP percentage of total XP
 D = Non-vault monster count
 E = Vault monster count
 F = Vault count percentage of total count
                 A         B        C        D         E       F
            +---------+---------+-------+---------+---------+-------
      Total |      31 |      27 |  46.6 |      19 |      15 |  44.1
            +---------+---------+-------+---------+---------+-------
        D:1 |      25 |       5 |  16.7 |      15 |       3 |  16.7
        D:2 |       6 |      22 |  78.6 |       4 |      12 |  75.0
            +---------+---------+-------+---------+---------+-------
